 Dungeon Sprint DCSS version 0.31-a0-963-ga325b2283a (webtiles) character file.

Game seed: 9978741415954089690

35558 sircluck the Brawler (level 13, -4/156 HPs)
             Began as a Troll Berserker on Oct 25, 2023.
             Was an Elder of Trog.
             Slain by an orc knight
             ... wielding a +0 great sword
              (37 damage)
             ... in the Dungeon (Sprint VII: "The Pits").
             The game lasted 00:09:12 (2115 turns).

sircluck the Brawler (Troll Berserker)              Turns: 2115, Time: 00:09:13

Health: -4/156     AC: 22    Str: 37    XL:     13   Next: 48%
Magic:  12/12      EV: 13    Int:  1    God:    Trog [****..]
Gold:   59         SH:  0    Dex:  9    Spells: 12/12 levels left

rFire   + +          .
                       - Unarmed
rCold   x . .        (no shield)
rNeg    . . .        y - +0 fire dragon scales
rPois   .            (helmet restricted)
rElec   +            m - +0 cloak
rCorr   .            (gloves unavailable)
SInv    .            (boots unavailable)
Will    .....        (no amulet) Stlth
                     z - ring "Mesolef" {rElec AC+4 Str+5 Int-2}
HPRegen 1.26/turn    l - +3 ring of protection
MPRegen 0.13/turn

%: no teleportation
@: no status effects
A: large, unfitting armour, claws 3, regeneration 1, shaggy fur 1, tough skin 1
a: Renounce Religion, Berserk, Trog's Hand, Brothers in Arms


You were in the Dungeon.
You worshipped Trog.
Trog was greatly pleased with you.
You visited 1 branch You collected 59 gold pieces.

Inventory:

Missiles
 q - 2 large rocks
Armour
 a - a +0 animal skin
 m - a +0 cloak (worn)
 n - +0 acid dragon scales
 y - +0 fire dragon scales (worn)
 E - +0 swamp dragon scales
Jewellery
 k - a +3 ring of evasion
 l - a +3 ring of protection (right claw)
 o - a ring of protection from cold
 s - a ring of poison resistance
 z - the ring "Mesolef" (left claw) {rElec AC+4 Str+5 Int-2}
   (You found it in the Dungeon)

   [ring of protection]

   AC+4:      It affects your AC (+4).
   Str+5:     It affects your strength (+5).
   Int-2:     It affects your intelligence (-2).
   rElec:     It insulates you from electricity.
 B - a ring of protection from fire
Wands
 p - a wand of paralysis (10)
 A - a wand of flame (10)
 C - a wand of quicksilver (3)
 D - a wand of iceblast (6)
Scrolls
 g - 2 scrolls of blinking
 i - 2 scrolls of vulnerability
 j - a scroll of butterflies
 r - a scroll of poison
 t - 2 scrolls of fear
 v - 4 scrolls of enchant weapon
 w - 2 scrolls of identify
 x - a scroll of fog
Potions
 b - 9 potions of curing
 c - 15 potions of heal wounds
 d - 2 potions of haste
 e - 4 potions of magic
 f - 3 potions of berserk rage
 h - 2 potions of invisibility
 u - a potion of mutation


   Skills:
 + Level 17.2 Fighting
 + Level 11.5 Armour
 + Level 17.1 Dodging
 + Level 20.0 Unarmed Combat


You had 12 spell levels left.
You didn't know any spells.
Your spell library was empty.

Dungeon Overview and Level Annotations

Branches:
Dungeon (1/1)

Altars:
Ashenzari
Cheibriados
Dithmenos
Elyvilon
Fedhas
Gozag
Hepliaklqana
Kikubaaqudgha
Makhleb
Nemelex Xobeh
Okawaru
Qazlal
Ru
Sif Muna
Trog
Uskayaw
Vehumet
Wu Jian
Xom
Yredelemnul
Zin
The Shining One
Jiyva
Lugonu


Innate Abilities, Weirdness & Mutations

You are too large for most types of armour.
You have claws for hands.
Your natural rate of healing is unusually fast.
You are covered in fur. (AC +1)
You have tough skin. (AC +1)


Message History

Trog accepts your kill.
You can now call in reinforcements.
Your two-headed ogre hits the orc knight with a +0 giant spiked club!!
Your two-headed ogre hits the orc knight with a +0 giant club!
Your Unarmed Combat skill increases to level 20!
You claw the orc knight! Your claw misses the orc knight.
The orc knight is almost dead.
The orc knight hits your two-headed ogre with a +0 great sword!!!
You mangle the orc knight!!
You kill the orc knight!
Trog accepts your kill.
Your two-headed ogre hits the orc knight with a +0 giant spiked club!
Your two-headed ogre closely misses the orc knight.
Unknown command.
Unknown command.
You fail to use your ability.
Your two-headed ogre hits the orc knight with a +0 giant spiked club!!
Your two-headed ogre misses the orc knight.
The orc warlord hits your two-headed ogre with a +3 great mace of protection!!!
Your two-headed ogre dies!
Your two-headed ogre's corpse disappears in a puff of smoke!
Unknown command.
The orc knight no longer looks unusually strong.
You fail to use your ability.
The orc warlord no longer looks unusually strong.
The orc warlord roars a battlecry!
The orcs go into a battle-frenzy!
You fail to use your ability.
The orc warlord hits you but does no damage.
The orc knight hits you with a +0 great sword!!
Unknown command.
You fail to use your ability.
The orc warlord hits you with a +0 long sword!!
* * * LOW HITPOINT WARNING * * *
The orc knight barely misses you.
Unknown command.
Unknown command.
Unknown command.
The orc knight attacks as it pursues you!
The orc knight hits you with a +0 great sword!!!
You die...

...)'..........#*,,,,,,,,*,,,,,,,
...†'..........#*,,,,,,,,*,,,,,,,
#..##..#....#..#*++*++*,,********
#..##..........++,,*,,*,,,,,,,,,,
#..##..........++,,*,,*,,,,,,,,,,
#..####''####''#*****************
#..####''####''##################
#..##......##....o.o...).........
#..##.#'##.##...@oo).).).........
...##.#..+.##..##############o)##
...##.+..#.##..#,,+,,,+,,*,,,....
#####.#|:'.##..#,,*,,,*,,*,,,..o.
#####.+.[#.##..#***,,,*******..##
#..##.##)#.##..#,,,,,,,,,*,,,...,
#..##.)†)..##..#,..............oo
'..##########..#,c...o...#oooooo.
'..##########÷.#*+###+##.####oo##


You could see 2 orc warlords and 2 orc knights.

Vanquished Creatures
  Kirke (D)
  A vampire knight (D)
  A fire dragon (D)
  2 merfolk impalers (D)
  A hell beast (D)
  Urug (D)
  A sixfirhy (D)
  2 spriggan druids (D)
  A swamp dragon (D)
  A bog body (D)
  An ugly thing (D)
  A cyclops (D)
  6 orc knights (D)
  A manticore (D)
  An elephant (D)
  A black mamba (D)
  A gargoyle (D)
  2 smoke demons (D)
  A molten gargoyle (D)
  An unseen horror (shapeshifter) (D)
  A komodo dragon (D)
  An ice devil (D)
  2 merfolk (D)
  A glass eye (D)
  2 shadows (D)
  A basilisk (D)
  A fire bat (D)
  A vampire (D)
  A wraith (D)
  3 redbacks (D)
  4 vampire mosquitoes (D)
  An acid dragon (D)
  2 orc warriors (D)
  A wolf (D)
  A centaur (D)
  A phantom (D)
  A necrophage (D)
  3 scorpions (D)
  2 quasits (D)
  2 hounds (D)
  An iron imp (D)
  An orc wizard (D)
  An adder (D)
  A gnoll (D)
  2 river rats (D)
  A white imp (D)
  2 ufetubi (D)
  A worm (D)
  5 orcs (D)
  A ball python (D)
  2 giant cockroaches (D)
  2 jackals (D)
  A ball python simulacrum (D)
  A jackal skeleton (D)
  A quokka skeleton (D)
83 creatures vanquished.

Vanquished Creatures (collateral kills)
  A death cob (D)
  Donald (D)
  A minotaur (D)
  An ettin (D)
  A merfolk impaler (D)
  A vault guard (D)
  A great orb of eyes (D)
  A hydra (D)
  2 cherubim (D)
  A sea snake (D)
  A flayed ghost (D)
  A large abomination (D)
  A lindwurm (D)
  5 harpies (D)
  A deep elf zephyrmancer (D)
  An orc knight (D)
  An orc sorcerer (D)
  A manticore (D)
  4 elephants (D)
  A rust devil (D)
  A gargoyle (D)
  A yaktaur (D)
  2 freezing wraiths (D)
  A tyrant leech (D)
  A wind drake (D)
  A wandering mushroom (D)
  3 merfolk (D)
  A hellwing (D)
  A glass eye (D)
  A jumping spider (D)
  A shadow (D)
  A flying skull (D)
  A ynoxinul (D)
  A hog (D)
  A chaos spawn (D)
  A black bear (D)
  2 swamp drakes (D)
  A hound (D)
  4 orc priests (D)
  An iguana (D)
  2 orc wizards (D)
  An adder zombie (D)
  3 orcs (D)
  A bat simulacrum (D)
  A quokka zombie (D)
63 creatures vanquished.

Vanquished Creatures (others)
  2 humans (D)
2 creatures vanquished.

Grand Total: 148 creatures vanquished

Notes
Turn   | Place    | Note
-------+----------+-------------------------------------------
     0 | D        | sircluck the Troll Berserker began the quest for the Orb.
     0 | D        | Reached XP level 1. HP: 22/22 MP: 0/0
    11 | D        | Noticed a glass eye
    26 | D        | Killed a glass eye
    27 | D        | Reached skill level 5 in Fighting
    27 | D        | Reached skill level 5 in Dodging
    27 | D        | Reached skill level 6 in Unarmed Combat
    27 | D        | Reached XP level 2. HP: 36/36 MP: 1/1
    27 | D        | Reached XP level 3. HP: 44/44 MP: 2/2
    27 | D        | Reached XP level 4. HP: 52/52 MP: 3/3
    27 | D        | Reached XP level 5. HP: 59/59 MP: 4/4
    31 | D        | Found a bloodstained altar of Trog.
    31 | D        | Found a shimmering blue altar of Sif Muna.
    31 | D        | Found a viscous altar of Jiyva.
    31 | D        | Found a hazy altar of Hepliaklqana.
    31 | D        | Found an opulent altar of Gozag.
    32 | D        | Found a glowing golden altar of the Shining One.
    32 | D        | Found a glowing silver altar of Zin.
    32 | D        | Found a basalt altar of Yredelemnul.
    32 | D        | Found a shimmering altar of Xom.
    32 | D        | Found an ornate altar of the Wu Jian Council.
    32 | D        | Found a sacrificial altar of Ru.
    32 | D        | Found a stormy altar of Qazlal.
    32 | D        | Found an iron altar of Okawaru.
    32 | D        | Found a sparkling altar of Nemelex Xobeh.
    32 | D        | Found a burning altar of Makhleb.
    32 | D        | Found a blossoming altar of Fedhas.
    32 | D        | Found a white marble altar of Elyvilon.
    32 | D        | Found a shadowy altar of Dithmenos.
    32 | D        | Found a snail-covered altar of Cheibriados.
    34 | D        | Found a radiant altar of Vehumet.
    34 | D        | Found a corrupted altar of Lugonu.
    35 | D        | Found a hide-covered altar of Uskayaw.
    35 | D        | Found an ancient bone altar of Kikubaaqudgha.
    35 | D        | Found a broken altar of Ashenzari.
    83 | D        | Reached ** piety under Trog
    84 | D        | Reached skill level 7 in Unarmed Combat
    99 | D        | Reached XP level 6. HP: 61/68 MP: 5/5
   100 | D        | Reached *** piety under Trog
   101 | D        | Reached skill level 8 in Unarmed Combat
   162 | D        | Noticed a fire bat
   172 | D        | Reached **** piety under Trog
   216 | D        | Killed a fire bat
   217 | D        | Reached skill level 9 in Unarmed Combat
   217 | D        | Reached XP level 7. HP: 25/79 MP: 6/6
   290 | D        | Reached ***** piety under Trog
   303 | D        | Identified the +4 giant spiked club of Bifuit {flame, rPois
                  | SInv} (Trog gifted it to you in the Dungeon)
   303 | D        | Received a gift from Trog
   316 | D        | Noticed a black mamba
   316 | D        | Noticed a redback
   323 | D        | Killed a redback
   324 | D        | Reached skill level 10 in Unarmed Combat
   330 | D        | Killed a black mamba
   331 | D        | Reached XP level 8. HP: 33/92 MP: 7/7
   464 | D        | Noticed an elephant
   467 | D        | Reached skill level 11 in Unarmed Combat
   477 | D        | Killed an elephant
   485 | D        | Reached skill level 10 in Fighting
   526 | D        | Reached ****** piety under Trog
   527 | D        | Reached skill level 10 in Dodging
   532 | D        | Reached skill level 12 in Unarmed Combat
   537 | D        | Reached XP level 9. HP: 57/102 MP: 8/8
   593 | D        | Noticed a freezing wraith
   593 | D        | Noticed an orc sorcerer
   593 | D        | Noticed a hellwing
   598 | D        | Killed a freezing wraith
   599 | D        | Killed a hellwing
   599 | D        | Received a gift from Trog
   599 | D        | Killed an orc sorcerer
   600 | D        | Reached skill level 13 in Unarmed Combat
   609 | D        | Noticed a wind drake
   617 | D        | Killed a wind drake
   627 | D        | Noticed a harpy
   627 | D        | Noticed a harpy
   627 | D        | Noticed a harpy
   627 | D        | Noticed a harpy
   627 | D        | Noticed a harpy
   627 | D        | Noticed a tyrant leech
   627 | D        | Noticed a cherub
   627 | D        | Noticed a lindwurm
   629 | D        | Killed a harpy
   629 | D        | Killed a harpy
   629 | D        | Identified the +4 giant club "Takoi" {antimagic, rN+ SInv
                  | Stlth+} (Trog gifted it to you in the Dungeon)
   629 | D        | Received a gift from Trog
   630 | D        | Reached XP level 10. HP: 75/115 MP: 9/9
   631 | D        | Killed a harpy
   632 | D        | Reached skill level 14 in Unarmed Combat
   632 | D        | Killed a harpy
   641 | D        | Killed a harpy
   643 | D        | Killed a lindwurm
   644 | D        | Reached skill level 15 in Unarmed Combat
   646 | D        | Killed a cherub
   684 | D        | Received a gift from Trog
   724 | D        | Noticed a rust devil
   725 | D        | Reached skill level 1 in Armour
   727 | D        | Reached XP level 11. HP: 125/127 MP: 10/10
   733 | D        | Received a gift from Trog
   761 | D        | Received a gift from Trog
   762 | D        | Reached skill level 16 in Unarmed Combat
   872 | D        | Noticed an orc knight
   889 | D        | Received a gift from Trog
   893 | D        | HP: 4/192 [orc knight/+0 bardiche (12)]
   894 | D        | Killed an orc knight
  1106 | D        | Noticed an orc knight
  1106 | D        | Noticed an orc knight
  1106 | D        | Noticed an orc knight
  1106 | D        | Noticed an orc knight
  1106 | D        | Noticed an orc knight
  1106 | D        | Noticed an orc knight
  1106 | D        | Noticed an orc knight
  1106 | D        | Noticed an orc knight
  1106 | D        | Noticed an orc warlord
  1106 | D        | Noticed an orc warlord
  1106 | D        | Noticed a naga warrior
  1106 | D        | Noticed an angel
  1106 | D        | Noticed a wolf spider
  1106 | D        | Noticed a cherub
  1107 | D        | Noticed a yaktaur captain
  1107 | D        | Found the +13 scythe of Curses {drain, curses, Drain}
  1154 | D        | Noticed Urug
  1154 | D        | Paralysed by Urug for 4 turns
  1171 | D        | Killed Urug
  1213 | D        | Noticed a bog body
  1213 | D        | Noticed a harpy
  1213 | D        | a harpy changed into something unseen
  1223 | D        | Killed a bog body
  1223 | D        | Received a gift from Trog
  1224 | D        | Reached skill level 5 in Armour
  1328 | D        | Noticed a sixfirhy
  1335 | D        | Killed a sixfirhy
  1372 | D        | Noticed a death cob
  1377 | D        | Killed a death cob
  1378 | D        | Reached skill level 17 in Unarmed Combat
  1379 | D        | Received a gift from Trog
  1380 | D        | Found the +8 arc blade {discharge, rElec}
  1385 | D        | Noticed a flayed ghost
  1387 | D        | Killed a flayed ghost
  1510 | D        | Noticed an ettin
  1510 | D        | Noticed Donald
  1510 | D        | Noticed a vault guard
  1511 | D        | Noticed a fire dragon
  1511 | D        | Noticed a great orb of eyes
  1514 | D        | Killed a vault guard
  1515 | D        | Reached XP level 12. HP: 91/140 MP: 11/11
  1517 | D        | Killed Donald
  1518 | D        | Reached skill level 15 in Fighting
  1518 | D        | Killed an ettin
  1519 | D        | Reached skill level 15 in Dodging
  1524 | D        | Killed a fire dragon
  1524 | D        | Received a gift from Trog
  1526 | D        | Killed a great orb of eyes
  1566 | D        | Got the ring "Mesolef" {rElec AC+4 Str+5 Int-2}
  1665 | D        | Noticed a merfolk impaler
  1667 | D        | Reached skill level 18 in Unarmed Combat
  1672 | D        | Noticed a six-headed hydra
  1674 | D        | Killed a merfolk impaler
  1674 | D        | Noticed a minotaur
  1677 | D        | Killed a minotaur
  1683 | D        | Noticed a hell beast
  1686 | D        | Received a gift from Trog
  1691 | D        | Killed a five-headed hydra
  1692 | D        | Killed a hell beast
  1731 | D        | Received a gift from Trog
  1753 | D        | Noticed Kirke
  1760 | D        | Killed Kirke
  1761 | D        | Reached skill level 10 in Armour
  1761 | D        | Reached skill level 19 in Unarmed Combat
  1761 | D        | Reached XP level 13. HP: 125/154 MP: 12/12
  1763 | D        | Received a gift from Trog
  1769 | D        | Noticed a merfolk impaler
  1789 | D        | Killed a merfolk impaler
  1974 | D        | Noticed a vampire knight
  1986 | D        | Killed a vampire knight
  2069 | D        | Noticed a merfolk impaler
  2082 | D        | Killed a merfolk impaler
  2107 | D        | Reached skill level 20 in Unarmed Combat
  2115 | D        | Slain by an orc knight

Illustrated notes

Levels and vault maps discovered:
D:        pitsprint [storerooms_1, entrance_room_1, metal_vault_2, armoury_2,
          mini_pit_1, grid_room_1, main_hall_1, silver_pit, the_coven_3,
          the_vestibule_1, steel_vault_2, golden_pit, hallway_of_sentries,
          crystal_vault_1, iron_vault_1, final_vault]

Skill      XL: |  1  2  3  4  5  6  7  8  9 10 11 12 13 |
---------------+----------------------------------------+-----
Fighting       | 5 6 7 9 10 12 13 14 16 17 | 17.2
Dodging        | 5 6 7 9 10 11 13 14 16 17 | 17.1
Unarmed Combat | 6 7 9 10 12 13 15 17 19 20 | 20.0
Armour         | 1 6 10 11 | 11.5

Action                     |  1- 3 |  4- 6 |  7- 9 | 10-12 | 13-15 || total
---------------------------+-------+-------+-------+-------+-------++-------
  Melee: Unarmed           |    14 |    28 |    58 |    85 |    63 ||   248
         Punch             |       |     1 |     1 |     8 |     7 ||    17
 Invoke: Berserk           |       |       |     1 |     3 |       ||     4
         Brothers in Arms  |       |       |     1 |    11 |     7 ||    19
  Evoke: Wand              |       |       |       |     4 |       ||     4
    Use: Scroll            |       |       |       |     1 |       ||     1
         Potion            |       |       |       |     1 |     4 ||     5
   Stab: Paralysed         |       |       |       |     1 |       ||     1
         Distracted        |       |       |       |       |     1 ||     1
 Armour: Animal skin       |       |    24 |    42 |     8 |       ||    74
         Acid dragon scale |       |       |       |    52 |       ||    52
         Fire dragon scale |       |       |       |    22 |    74 ||    96
  Dodge: Dodged            |       |    11 |    23 |    45 |    32 ||   111

Table legend: (Time is in decaauts)
 A = Elapsed time spent in this place.
 B = Non-inter-level travel time spent in this place.
 C = Inter-level travel time spent in this place.
 D = Time resting spent in this place.
 E = Time spent auto-exploring this place.
 F = Levels seen in this place.
 G = Mean time per level.
                   A        B        C        D        E       F      G
               +--------+--------+--------+--------+--------+-----+--------+
         Total |   2097 |   2062 |     35 |    564 |    446 |   1 | 2097.0 |
       Dungeon |   2097 |   2062 |     35 |    564 |    446 |   1 | 2097.0 |
               +--------+--------+--------+--------+--------+-----+--------+

Top non-repeatable levels by time:
       D: 2097 daAuts
